 Dungeon Crawl Stone Soup version 0.28-a0-1506-g3893175d92 (webtiles) character file.

Game seed: 15862732284336036780

877 murtidash the Magician (level 8, -2/50 HPs)
             Began as a Djinni Ice Elementalist on Jan 13, 2022.
             Slain by Grinder (7 damage)
             ... on level 5 of the Dungeon.
             The game lasted 00:11:48 (6526 turns).

murtidash the Magician (Djinni Ice Elementalist)    Turns: 6526, Time: 00:11:49

Health: -2/50      AC:  3    Str:  5 (7)  XL:     8   Next: 25%
Gold:   180        EV: 12    Int: 17 (19) God:
                   SH:  0    Dex: 12 (14)

rFire   + + .      SeeInvis .   f - +0 short sword
rCold   x . .      Faith    .   (no shield)
rNeg    . . .      Spirit   .   a - +0 robe
rPois   ∞          Reflect  .   (no helmet)
rElec   .          Harm     .   (no cloak)
rCorr   .          Rampage  .   t - +0 pair of gloves
Will    .....                   (boots unavailable)
Stlth   ++........              (no amulet)
HPRegen 0.16/turn               (no ring)
MPRegen 0.00/turn               (no ring)

@: flying, invisible
A: sickness immunity, fire resistance 2, cold vulnerability 1, float, innate
caster, hp casting, extra vitality 1
a: no special abilities


You were on level 5 of the Dungeon.
You visited 1 branch of the dungeon, and saw 5 of its levels.
You also visited: Sewer.

You collected 180 gold pieces.

Inventory:

Hand Weapons
 f - a +0 short sword (weapon)
   (You took it off a kobold on level 1 of the Dungeon)
Missiles
 b - 180 stones (quivered)
Armour
 a - a +0 robe (worn)
 t - a +0 pair of gloves (worn)
   (You found it on level 4 of the Dungeon)
Wands
 k - a wand of flame (1)
   (You found it on level 3 of the Dungeon)
Scrolls
 c - 2 scrolls of enchant weapon {unknown}
 d - 2 scrolls of immolation {unknown}
 g - 4 scrolls of teleportation {unknown}
 h - a scroll of magic mapping {unknown}
 i - 3 scrolls of identify {unknown}
 j - a scroll of noise {unknown}
 o - a scroll of fog {unknown}
 p - a scroll of acquirement {unknown}
 q - a scroll of fear {unknown}
 r - 3 scrolls of amnesia {unknown}
Potions
 u - a potion of curing {unknown}


   Skills:
 - Level 2.1 Dodging
 - Level 1.5 Stealth
 + Level 7.6 Spellcasting


You had 5 spell levels left.
You knew the following spells:

 Your Spells              Type           Power      Damage    Failure   Level
c - Call Imp              Summ           32%        N/A       1%          2
g - Frozen Ramparts       Ice            64%        1d8       1%          3
A - Ozocubu's Armour      Ice            32%        N/A       1%          3
M - Lesser Beckoning      Tloc           32%        N/A       1%          3
U - Sandblast             Erth           64%        2d14      1%          1
X - Hailstorm             Conj/Ice       32%        3d8       4%          4
Z - Freeze                Ice            100%       1d11      1%          1
Your spell library was empty.

Dungeon Overview and Level Annotations

Branches:
Dungeon (5/15)              Sewer (visited)
 Temple: D:4-7

Altars:

Annotations:
D:5 Grinder


Innate Abilities, Weirdness & Mutations

You are immune to sickness and miasma.
You are immune to poison.
Your flesh is very heat resistant. (rF++)
You are vulnerable to cold. (rC-)
You float through the air rather than walking.
You learn spells naturally, not from books.
Your magical power is your life essence.
You have superior vitality. (+4 MHP)


Message History

You can move again.
You take 11 damage, and have 28/50 hp.
MASSIVE DAMAGE!!
A stone staircase leading up.
The walls around you are covered in ice.
Grinder resists.
The wall freezes Grinder.
Grinder barely misses you.
You take 3 damage, and have 25/50 hp.
Aim: Grinder, carrying a wand of flame (13) (lightly wounded, 64% to hit)
The puff of flame hits Grinder.
Grinder resists.
The wall freezes Grinder.
Grinder zaps a wand.
The puff of flame misses you.
Aim: Grinder, carrying a wand of flame (12) (moderately wounded, 64% to hit)
The puff of flame hits Grinder.
Grinder completely resists.
The wall freezes Grinder but does no damage.
Grinder barely misses you.
Aim: Grinder, carrying a wand of flame (12) (moderately wounded, 64% to hit)
The puff of flame hits Grinder.
Grinder resists.
The wall freezes Grinder.
Grinder barely misses you.
Aim: Grinder, carrying a wand of flame (12) (heavily wounded)
You freeze Grinder.
Grinder resists. x2; The wall freezes Grinder.
Grinder gestures at you.
You suddenly lose the ability to move!
Grinder resists.
The wall freezes Grinder.
Grinder hits you!
You writhe in agony.
* * * LOW HITPOINT WARNING * * *
You can move again.
You take 15 damage, and have 11/50 hp.
MASSIVE DAMAGE!!
Unknown command.
Okay, then.
Aim: Grinder, carrying a wand of flame (12) (severely wounded)
You freeze Grinder.
Grinder resists.
* * * LOW HITPOINT WARNING * * *
Grinder resists.
The wall freezes Grinder.
Grinder gestures at you.
You shrug off the repeated paralysis!
You take 1 damage, and have 10/50 hp.
It was a potion of lignification.
You turn into a tree.
Your +0 pair of gloves melds into your body.
Your +0 robe melds into your body.
Your roots penetrate the ground.
Grinder completely resists.
The wall freezes Grinder but does no damage.
Grinder blinks!
You now have 16/75 hp.
The frozen ramparts melt away.
You can't see any susceptible monsters within range! (Use Z to cast anyway.)
Okay, then.
Unknown command.
A stone staircase leading up.
The walls around you are covered in ice.
* * * LOW HITPOINT WARNING * * *
You take 2 damage, and have 14/75 hp.
You start resting.
The frozen ramparts melt away.
You regained 2 hp, and now have 16/75 hp.
You start resting.
Grinder is nearby!
A stone staircase leading up.
The walls around you are covered in ice.
* * * LOW HITPOINT WARNING * * *
Grinder completely resists.
The wall freezes Grinder but does no damage.
Grinder zaps a wand.
The puff of flame hits you.
* * * LOW HITPOINT WARNING * * *
You take 9 damage, and have 8/75 hp.
You cannot move.
It was a potion of attraction.
You feel attractive to monsters.
Grinder completely resists.
The wall freezes Grinder but does no damage.
Grinder zaps a wand.
The puff of flame hits you but does no damage.
Grinder is attracted toward you.
Okay, then.
It was a potion of magic.
Magic washes over you without effect.
Grinder resists.
The wall freezes Grinder.
Grinder blinks!
Grinder is attracted toward you.
It was a potion of cancellation.
Your magical effects are unravelling.
You feel magically purged.
You feel less wooden.
Your +0 pair of gloves unmelds from your body.
Your +0 robe unmelds from your body.
The frozen ramparts melt away.
Grinder blinks!
Grinder is attracted toward you.
You feel less attractive to monsters.
You now have 5/50 hp.
It was a potion of degeneration.
There was something very wrong with that liquid.
You feel weakened.
You feel dopey.
You feel clumsy. Grinder gestures at you.
You struggle to resist.
It was a potion of invisibility.
You fade into invisibility!
Grinder gestures at you.
You struggle to resist.
You closely miss Grinder. Grinder gestures at you.
Pain shoots through your body!
* * * LOW HITPOINT WARNING * * *
You take 1 damage, and have 5/50 hp.
You closely miss Grinder. Grinder closely misses you.
You hit Grinder. Grinder hits you!
You die...

....... ...>>.... .........#
.........# ##>......##
#...(.....#### #............
#@5........# #######.##
#####....(....#
...................(.....## .
.....5....((5.###.........##.
............. ##...>.##...#
............ #####.# #.#
........@.. #.## #.#
.......... #..###.#
..<....... ##...#.###


You could see Grinder.

Vanquished Creatures
  Eustachio (D:4)
  An ogre (D:3)
  6 kobold brigands (Sewer)
  An iguana (D:5)
  A scorpion zombie (D:5)
  7 adders
  A howler monkey skeleton (D:4)
  5 river rats
  4 worms
  A dart slug (D:4)
  An orc (D:5)
  6 bats
  6 endoplasms
  2 giant cockroaches
  2 hobgoblins (D:1)
  6 jackals
  9 kobolds
  4 quokkas
  10 ball pythons
  A frilled lizard (D:1)
  2 goblins (D:1)
  12 rats
89 creatures vanquished.

Vanquished Creatures (others)
  4 plants (D:1)
4 creatures vanquished.

Grand Total: 93 creatures vanquished

Notes
Turn   | Place    | Note
-------+----------+-------------------------------------------
     0 | D:1      | murtidash the Djinni Ice Elementalist began the quest for
                  | the Orb.
     0 | D:1      | Reached XP level 1. HP: 15/15 MP: 0/0
   440 | D:1      | Reached XP level 2. HP: 21/21 MP: 0/0
   887 | D:1      | Found a faded altar of an unknown god.
  1552 | D:2      | Reached XP level 3. HP: 24/25 MP: 0/0
  1552 | D:2      | Learned a level 1 spell: Sandblast
  2129 | D:2      | Reached skill level 4 in Spellcasting
  2765 | D:3      | Noticed an ogre
  2770 | D:3      | Killed an ogre
  2771 | D:3      | Reached XP level 4. HP: 31/31 MP: 0/0
  2771 | D:3      | Reached XP level 5. HP: 35/35 MP: 0/0
  2771 | D:3      | Learned a level 2 spell: Call Imp
  2994 | D:3      | Reached skill level 5 in Spellcasting
  3011 | D:3      | Found a glowing drain.
  3017 | D:3      | HP: 6/35 [rat (2)]
  3020 | Sewer    | Entered a sewer
  3673 | Sewer    | Noticed a kobold brigand
  3689 | Sewer    | Killed a kobold brigand
  3690 | Sewer    | Reached XP level 6. HP: 27/40 MP: 0/0
  3918 | Sewer    | Reached skill level 6 in Spellcasting
  4217 | Sewer    | Reached XP level 7. HP: 32/45 MP: 0/0
  4217 | Sewer    | Learned a level 3 spell: Lesser Beckoning
  4649 | Sewer    | Reached skill level 7 in Spellcasting
  5852 | D:5      | Entered Level 5 of the Dungeon
  5852 | D:5      | Noticed Eustachio
  5852 | D:5      | Noticed Grinder
  5877 | D:5      | Reached XP level 8. HP: 47/50 MP: 0/0
  6226 | D:4      | HP: 10/50 [white imp[Eustachio] (4)]
  6232 | D:4      | Killed Eustachio
  6487 | D:5      | Paralysed by Grinder for 6 turns
  6497 | D:5      | Paralysed by Grinder for 2 turns
  6518 | D:5      | HP: 8/75 [Grinder/puff of flame (6)]
  6524 | D:5      | HP: 5/50 [Grinder/nerve-wracking pain (1)]
  6526 | D:5      | Slain by Grinder

Illustrated notes

Levels and vault maps discovered:
D:1:      dpeg_arrival_leaves_temple_mockup, layout_loops_corners,
          chequers_ecumenical_altar_simple, serial_bayou_lake_a
D:2:      layout_loops_ring, kennysheep_generic_room_11
D:3:      layout_loops_ring, portal_sewer_entry_e
D:4:      layout_rooms
D:5:      layout_rooms, marbit_many_paths, pf_guarded_unrand_meek,
          uniq_eustachio, uniq_grinder, uniq_duvessa

Skill      XL: |  1  2  3  4  5  6  7 |
---------------+----------------------+-----
Spellcasting   | 4 5 6 7 |  7.6
Dodging        | |  2.1
Stealth        | |  1.5

Action                   |  1- 3 |  4- 6 |  7- 9 || total
-------------------------+-------+-------+-------++-------
Melee: Unarmed           |     1 |       |       ||     1
       Short sword       |       |     1 |    35 ||    36
Throw: Stone             |    29 |     8 |    13 ||    50
 Cast: Freeze            |    53 |    35 |    38 ||   126
       Frozen Ramparts   |       |    14 |    19 ||    33
Evoke: Wand              |     5 |       |    11 ||    16
  Use: Potion            |       |       |     6 ||     6
Armor: Robe              |       |     2 |     7 ||     9
       Skin              |       |       |     1 ||     1
Dodge: Dodged            |    25 |    15 |    44 ||    84

Table legend: (Time is in decaauts)
 A = Elapsed time spent in this place.
 B = Non-inter-level travel time spent in this place.
 C = Inter-level travel time spent in this place.
 D = Time resting spent in this place.
 E = Time spent auto-exploring this place.
 F = Levels seen in this place.
 G = Mean time per level.
                   A        B        C        D        E       F      G
               +--------+--------+--------+--------+--------+-----+--------+
         Total |   6535 |   6431 |    104 |    531 |   5145 |   6 | 1089.2 |
       Dungeon |   4797 |   4693 |    104 |    268 |   3898 |   5 |  959.4 |
         Sewer |   1737 |   1737 |      0 |    263 |   1247 |   1 | 1737.0 |
               +--------+--------+--------+--------+--------+-----+--------+

Top non-repeatable levels by time:
   Sewer: 1737 daAuts
     D:1: 1549 daAuts
     D:2: 978 daAuts
     D:4: 953 daAuts
     D:3: 914 daAuts
     D:5: 402 daAuts

Table legend:
 A = Kills in this place as a percentage of kills in entire the game.
 B = Kills by you in this place as a percentage of kills by you in the entire game.
 C = Kills by friends in this place as a percentage of kills by friends in the entire game.
 D = Other kills in this place as a percentage of other kills in the entire game.
 E = Experience gained in this place as a percentage of experience gained in the entire game.
 F = Experience gained in this place divided by the number of levels of this place that you have seen.
                   A       B       C       D       E      F
               +-------+-------+-------+-------+-------+----------------------
         Total | 100.0 | 100.0 |   N/A |   N/A | 100.0 | 209.0
       Dungeon |  68.5 |  68.5 |   N/A |   N/A |  42.4 | 106.4
         Sewer |  31.5 |  31.5 |   N/A |   N/A |  57.6 | 722.0
               +-------+-------+-------+-------+-------+----------------------
